 Dungeon Crawl Stone Soup version 0.28-a0-1241-gf280a0fbb2 (webtiles) character file.

Game seed: 7262774441719440099

25 Conn the Sneak (level 3, -2/21 HPs)
             Began as an Octopode Fire Elementalist on Dec 26, 2021.
             Slain by Jessica (4 damage)
             ... on level 2 of the Dungeon.
             The game lasted 00:02:47 (1966 turns).

Conn the Sneak (Octopode Fire Elementalist)         Turns: 1966, Time: 00:02:48

Health: -2/21      AC:  1    Str:  6 (7)  XL:     3   Next: 4%
Magic:  6/6        EV: 13    Int: 17 (19) God:
Gold:   35         SH:  0    Dex:  9 (12) Spells: 5/6 levels left

rFire   + . .      SeeInvis .   a - +0 dagger
rCold   + . .      Faith    .   (no shield)
rNeg    . . .      Spirit   .   (helmet restricted)
rPois   +          Reflect  .   e - amulet of the acrobat
rElec   +          Harm     .   (no ring)
rCorr   +          Rampage  .   (no ring)
Will    .....                   (no ring)
Stlth   +++.......              (no ring)
HPRegen 0.07/turn               (no ring)
MPRegen 0.10/turn               (no ring)
                                (no ring)
                                (no ring)

@: resistant
A: almost no armour, amphibious, 8 rings, camouflage 1, gelatinous body 1,
(nimble swimmer 1), tentacles
a: no special abilities


You were on level 2 of the Dungeon.
You visited 1 branch of the dungeon, and saw 2 of its levels.

You collected 35 gold pieces.

Inventory:

Hand Weapons
 a - a +0 dagger (weapon)
Magical Staves
 c - a staff of earth
Jewellery
 e - an amulet of the acrobat (around mantle)
Scrolls
 b - 3 scrolls of identify {unknown}
 f - 2 scrolls of fear {unknown}
Potions
 d - a potion of resistance
 h - a potion of heal wounds {unknown}


   Skills:
 + Level 2.1 Dodging
 + Level 3.5 Stealth
 + Level 2.2 Spellcasting
 + Level 1.2 Conjurations
 + Level 3.3 Fire Magic


You had 5 spell levels left.
You knew the following spells:

 Your Spells              Type           Power      Damage    Failure   Level
a - Foxfire               Conj/Fire      36%        2x1d5     8%          1

Your spell library contained the following spells:

 Spells                   Type           Power      Damage    Failure   Level
 Scorch                   Fire           26%        2d6       7%          2
 Conjure Flame            Conj/Fire      9%         6-21      22%         3
 Inner Flame              Hex/Fire       7%         N/A       28%         3
 Flame Wave               Conj/Fire      9%         2d4       58%         4


Dungeon Overview and Level Annotations

Branches:
Dungeon (2/15)

Altars:

Annotations:
D:2 Jessica, Sigmund


Innate Abilities, Weirdness & Mutations

You cannot wear most types of armour.
You are amphibious.
You can wear up to eight rings at the same time.
Your skin changes colour to match your surroundings (Stealth+).
Your rubbery body absorbs attacks. (AC +1, EV +1)
((You are camouflaged when in or above water. (Stealth+)))
You have tentacles for arms and can constrict up to eight enemies at once.


Message History

You see here 15 stones.
A quokka and a hobgoblin come into view.
The helpless quokka fails to defend itself.
You puncture the quokka!
You kill the quokka!
A hobgoblin is nearby!
A goblin and Jessica come into view.
Jessica is wielding a +0 club and carrying a wand of flame (11).
The goblin shouts!
Jessica shouts!
The hobgoblin shouts!
The hobgoblin completely misses you.
You completely miss the hobgoblin. Your grab misses the hobgoblin.
The hobgoblin barely misses you.
Jessica shouts, "You're disturbing me!
I'll have to kill you!"
Jessica gestures wildly while chanting.
Jessica blinks!
Jessica zaps a wand.
The puff of flame hits you!
Ouch! That really hurt!
You hit Jessica but do no damage. You grab Jessica.
You constrict Jessica, but do no damage.
Jessica mumbles some strange words.
Jessica seems to speed up.
The hobgoblin closely misses you.
You aren't carrying any items that you can evoke.
Casting: Foxfire (safe; 6% risk of failure)
Confirm with . or Enter, or press ? or * to list all spells.
Okay, then.
Unknown command.
Unknown command.
It was a potion of resistance.
You feel protected.
You constrict Jessica. Jessica hits you with a +0 club. The hobgoblin hits you.
* * * LOW HITPOINT WARNING * * *
Jessica hits you with a +0 club.
* * * LOW HITPOINT WARNING * * *
It was a potion of degeneration.
There was something very wrong with that liquid.
You feel weakened.
You feel dopey.
You feel clumsy.
You constrict Jessica, but do no damage.
Jessica hits you with a +0 club.
You die...

#.####..##
###≈≈≈...###.###.# #.#
##...####≈≈≈≈).#.........#
#.#
#...≈≈≈≈≈...######.#####
#.# #........### #.# #.#
#..####(### #.# ##.## #.#
##...## #># #..@..# #.#
###.@.## #.#
####...g######## #.#
.......g#.......
####......# ####.### #.#
#.# #.# #.#


You could see Jessica (fast), a hobgoblin and a goblin.

Vanquished Creatures
  A worm (D:2)
  A dart slug (D:1)
  An endoplasm (D:1)
  2 giant cockroaches (D:1)
  2 goblins
  A hobgoblin (D:1)
  A quokka (D:2)
  3 ball pythons (D:1)
  A bat (D:2)
  2 frilled lizards
  2 kobolds (D:2)
  2 rats (D:1)
19 creatures vanquished.

Vanquished Creatures (collateral kills)
  A foxfire (D:1)
1 creature vanquished.

Vanquished Creatures (others)
  41 foxfires
  3 plants (D:1)
44 creatures vanquished.

Grand Total: 64 creatures vanquished

Notes
Turn   | Place    | Note
-------+----------+-------------------------------------------
     0 | D:1      | Conn the Octopode Fire Elementalist began the quest for the
                  | Orb.
     0 | D:1      | Reached XP level 1. HP: 11/11 MP: 3/3
   637 | D:1      | Reached XP level 2. HP: 14/17 MP: 3/5
   846 | D:1      | Found a faded altar of an unknown god.
  1513 | D:2      | Noticed Sigmund
  1907 | D:2      | Reached XP level 3. HP: 21/21 MP: 3/6
  1949 | D:2      | Noticed Jessica
  1966 | D:2      | Slain by Jessica

Illustrated notes

Levels and vault maps discovered:
D:1:      matt_arrival_spirals, layout_basic, serial_forest,
          infiniplex_forest_clump_double, infiniplex_forest_end_3,
          infiniplex_forest_side_room, infiniplex_forest_clump_small,
          infiniplex_forest_zigzag_2, infiniplex_forest_end_3,
          infiniplex_forest_straight_5, infiniplex_forest_clump_C,
          shapermc_ecumenical_altar_pompeii, minivault_23
D:2:      layout_loops_corners, grunt_decor_junction, kennysheep_generic_room_3,
          uniq_jessica, uniq_sigmund

Skill      XL: |  1 |
---------------+----+-----
Stealth        | 3 |  3.5
Dodging        | |  2.1
Spellcasting   | |  2.2
Conjurations   | |  1.2
Fire Magic     | |  3.3

Action                   || total
-------------------------++-------
Melee: Dagger            ||    19
       Constrict         ||     6
       Tentacles         ||     2
 Cast: Foxfire           ||    25
  Use: Potion            ||     2
 Stab: Sleeping          ||     5
Dodge: Dodged            ||    10

Table legend: (Time is in decaauts)
 A = Elapsed time spent in this place.
 B = Non-inter-level travel time spent in this place.
 C = Inter-level travel time spent in this place.
 D = Time resting spent in this place.
 E = Time spent auto-exploring this place.
 F = Levels seen in this place.
 G = Mean time per level.
                   A        B        C        D        E       F      G
               +--------+--------+--------+--------+--------+-----+--------+
         Total |   1966 |   1923 |     43 |      0 |   1545 |   2 |  983.0 |
       Dungeon |   1966 |   1923 |     43 |      0 |   1545 |   2 |  983.0 |
               +--------+--------+--------+--------+--------+-----+--------+

Top non-repeatable levels by time:
     D:1: 1624 daAuts
     D:2: 342 daAuts
